 Dungeon Crawl Stone Soup version 0.30-a0-937-ga0a21ad780 (webtiles) character file.

Game seed: 13287195656670115809

7023 Jeffwins the Magician (level 11, -6/68 HPs)
             Began as a Human Wanderer on Mar 24, 2023.
             Was an Initiate of Gozag.
             Mangled by a gnoll
             ... wielding a +0 halberd
             ... led by a gnoll sergeant
              (11 damage)
             ... on level 10 of the Dungeon.
             The game lasted 00:15:07 (8903 turns).

Jeffwins the Magician (Human Wanderer)              Turns: 8903, Time: 00:15:07

Health: -6/68      AC: 21    Str: 12    XL:     11   Next: 29%
Magic:  28/28      EV:  5    Int: 21    God:    Gozag
Gold:   314        SH:  6    Dex: 19    Spells: 14/21 levels left

rFire   . . .      SeeInvis .    a - +9 mace of Punishment {vamp, rElec rCorr Int+2 Dex-3}
rCold   . . .      Faith    .    b - +0 buckler
rNeg    . . .      Spirit   .    x - +7 chain mail of Past Mistakes {Regen+ Int+3 Dex+2}
rPois   .          Reflect  .    o - +0 helmet
rElec   +          Rampage  .    g - +0 cloak
rCorr   +                        (no gloves)
Will    .....                    f - +2 pair of boots Stlth
                                 G - amulet of the acrobat
HPRegen 1.11/turn                W - ring of magical power
MPRegen 0.21/turn                X - +6 ring of dexterity

@: gold aura
A: no striking features
a: Renounce Religion, Potion Petition, Call Merchant, Bribe Branch


You were on level 10 of the Dungeon.
You worshipped Gozag.
Gozag was aware of your devotion.
You visited 2 branches of the dungeon, and saw 11 of its levels.
You also visited: Ossuary.

You collected 1306 gold pieces.
You spent 858 gold pieces at shops.
You paid 134 gold pieces to Gozag.


   Skills:
 - Level 4.0 Short Blades
 * Level 3.7 Maces & Flails
 - Level 2.0 Polearms
 + Level 3.8 Armour
 + Level 3.6 Stealth
 + Level 4.0 Shields
 * Level 5.7 Spellcasting
 * Level 5.1 Conjurations
 * Level 5.6 Transmutations
 * Level 5.2 Fire Magic
 * Level 5.5 Air Magic
 * Level 5.5 Poison Magic
 + Level 4.7 Evocations


You had 14 spell levels left.
You knew the following spells:

 Your Spells              Type           Power      Damage    Failure   Level
m - Mephitic Cloud        Conj/Pois/Air  28%        N/A       83%         3
z - Sting                 Tmut/Pois      100%       1d8       43%         1
X - Ignite Poison         Fire/Tmut/Pois 29%        N/A       82%         3

Your spell library contained the following spells:

 Spells                   Type           Power      Damage    Failure   Level
 Beastly Appendage        Tmut           58%        N/A       41%         1
 Magic Dart               Conj           100%       1d8       50%         1
 Wereblood                Tmut           29%        N/A       56%         2
 Spider Form              Tmut/Pois      29%        N/A       80%         3
 Kiss of Death            Conj/Necr      64%        2d10      85%         1
 Summon Small Mammal      Summ           24%        N/A       99%         1
 Call Imp                 Summ           6%         N/A       100%        2
 Sublimation of Blood     Necr           6%         N/A       100%        2
 Call Canine Familiar     Summ           6%         N/A       100%        3
 Confusing Touch          Hex            6%         N/A       100%        3
 Summon Guardian Golem    Hex/Summ       6%         N/A       100%        3
 Animate Armour           Summ/Erth      12%        N/A       100%        4
 Dispel Undead            Necr           6%         3d8       100%        4
 Blade Hands              Tmut           14%        N/A       100%        5
 Iron Shot                Conj/Erth      8%         9d3       100%        6
 Summon Hydra             Summ           3%         N/A       100%        7

Inventory:

Hand Weapons
 a - the +9 mace of Punishment (weapon) {vamp, rElec rCorr Int+2 Dex-3}
   (You bought it in a shop on level 1 of the Dungeon)

   Int:       It affects your intelligence (+2).
   Dex:       It affects your dexterity (-3).
   rElec:     It insulates you from electricity.
   rCorr:     It protects you from acid and corrosion.
 E - a +2 long sword
 R - a +2 trident of freezing
 S - a +2 dagger of holy wrath
 T - a +4 short sword of draining
 U - a +2 demon trident of pain
Missiles
 y - 26 poisoned darts
 M - 2 throwing nets {=f}
Armour
 b - a +0 buckler (worn)
 d - +0 acid dragon scales
 f - a +2 pair of boots (worn)
 g - a +0 cloak (worn)
 m - a scarf of harm
 o - a +0 helmet (worn)
 x - the +7 chain mail of Past Mistakes (worn) {Regen+ Int+3 Dex+2}
   (You found it on level 4 of the Dungeon)

   Int:       It affects your intelligence (+3).
   Dex:       It affects your dexterity (+2).
   Regen:     It increases your rate of health regeneration.
 Q - a +2 leather armour of willpower
Magical Staves
 N - a staff of fire
Jewellery
 G - an amulet of the acrobat (around neck)
 W - a ring of magical power (left hand)
 X - a +6 ring of dexterity (right hand)
Wands
 e - a wand of quicksilver (6)
 s - a wand of iceblast (28)
 u - a wand of polymorph (7)
 B - a wand of paralysis (3)
 D - a wand of mindburst (7)
 P - a wand of digging (4)
Scrolls
 c - 5 scrolls of teleportation {@r4}
 h - a scroll of poison {!r}
 n - 6 scrolls of identify {@r1}
 r - 3 scrolls of vulnerability {!r}
 v - a scroll of torment {!r}
 A - 2 scrolls of amnesia
 C - a scroll of blinking
 F - a scroll of immolation {!r}
 I - a scroll of brand weapon
 J - a scroll of fog
 K - a scroll of silence {!r}
 L - 2 scrolls of butterflies
Potions
 i - 3 potions of invisibility {unknown}
 j - 3 potions of berserk rage {unknown}
 k - a potion of lignification {unknown}
 l - 2 potions of might {unknown}
 p - 6 potions of heal wounds {unknown}
 q - 3 potions of curing {@q1}
 t - 2 potions of cancellation {unknown}
 w - 2 potions of haste {unknown}
 z - 3 potions of brilliance {unknown}
 H - 2 potions of attraction {unknown}
 O - a potion of ambrosia {unknown}

Dungeon Overview and Level Annotations

Branches:
Dungeon (10/15)            Temple (1/1) D:6         Ossuary (visited)
   Lair: D:8-11         Orc: D:9-12

Altars:
Ashenzari
Cheibriados
Dithmenos
Elyvilon
Fedhas
Gozag
Hepliaklqana
Kikubaaqudgha
Makhleb
Nemelex Xobeh
Okawaru
Qazlal
Ru
Sif Muna
Trog
Uskayaw
Vehumet
Wu Jian
Xom
Yredelemnul
Zin
The Shining One

Shops:
D:1 ( D:4

( #####################
........#......(...>#
........#...........# $
........#...........#.g..g..
........#.......@g..#..g....
........#.....###$###.......
........#.....#..gg.#.......
'###....#.....#.....#.......
...#....#.....#.....#.g.....
...#....#.....#.....#.......
...#....(.....#.....'.......
...#....#.....#######.......
#+##....#.....# .......


You could see a gnoll sergeant and 2 gnolls.


Message History

You kill the gnoll!
The gnoll sergeant hits you from afar with a +0 spear.
The gnoll throws a throwing net.
The throwing net misses you.
Things that are here:
3 gold pieces; a +0 halberd You barely miss the gnoll sergeant.
The gnoll sergeant hits you with a +0 spear!
* * * LOW HITPOINT WARNING * * *
The gnoll hits you but does no damage.
You are too injured to fight recklessly!
You are too injured to fight recklessly!
You sock the gnoll!
The gnoll is heavily wounded.
The gnoll hits you from afar with a +0 halberd!
* * * LOW HITPOINT WARNING * * *
The gnoll hits you but does no damage. x2
The gnoll sergeant hits you with a +0 spear.
* * * LOW HITPOINT WARNING * * *
You thump the gnoll!
You kill the gnoll!
The gnoll hits you from afar with a +0 halberd!
* * * LOW HITPOINT WARNING * * *
The gnoll hits you from afar with a +0 halberd.
* * * LOW HITPOINT WARNING * * *
You block the gnoll sergeant's attack. The gnoll closely misses you.
The gnoll sergeant hits you with a +0 spear!
* * * LOW HITPOINT WARNING * * *
The gnoll hits you from afar with a +0 halberd!
You die...
Your body crumbles into a pile of gold.

Skill      XL: |  1  2  3  4  5  6  7  8  9 10 11 |
---------------+----------------------------------+-----
Short Blades   | 1 2 3 4 |  4.0
Transmutations | 1 2 3 4 5 |  5.6
Conjurations   | 1 2 3 4 5 |  5.1
Fire Magic     | 1 2 3 4 5 |  5.2
Polearms       | 1 2 |  2.0
Air Magic      | 1 2 3 4 5 |  5.5
Poison Magic   | 2 3 4 5 |  5.5
Shields        | 2 3 4 |  4.0
Stealth        | 1 2 3 |  3.6
Spellcasting   | 4 5 |  5.7
Evocations     | 4 |  4.7
Maces & Flails | 1 3 |  3.7
Armour         | 3 |  3.8

Action                     |  1- 3 |  4- 6 |  7- 9 | 10-12 || total
---------------------------+-------+-------+-------+-------++-------
  Melee: Dagger            |    30 |       |       |       ||    30
         Spear             |     1 |     1 |       |       ||     2
         Short sword       |       |   170 |   316 |   291 ||   777
         Mace              |       |       |       |   146 ||   146
   Cast: Sting             |    42 |    12 |       |       ||    54
  Evoke: Wand              |       |     1 |     4 |    12 ||    17
    Use: Scroll            |       |     4 |     5 |     2 ||    11
   Stab: Sleeping          |       |     2 |       |       ||     2
         Paralysed         |       |       |       |     6 ||     6
 Armour: Robe              |    28 |    34 |       |       ||    62
         Chain mail        |       |    65 |   194 |   355 ||   614
  Dodge: Dodged            |    25 |    59 |    77 |   188 ||   349
  Block: Buckler           |    10 |    28 |    67 |   158 ||   263

Levels and vault maps discovered:
D:1:      co_arrival_square_in_a_square_in_a_square, layout_loops_ring,
          serial_shops, shop
D:2:      layout_basic
D:3:      layout_basic, good_gods_mini_temple, nemelex_diamond_rough_becter,
          minmay_bisected, uniq_terence
D:4:      layout_loops_ring, nicolae_qazlal_style_of_elements,
          nicolae_ossuary_entry_false_entrances, serial_shops, shop, hex_medium
D:5:      layout_basic, kennysheep_slug_shrine
D:6:      layout_basic, minmay_temple_entry_glassed_door, minmay_quadrilaterals
D:7:      layout_basic, uniq_duvessa, uniq_maggie, uniq_prince_ribbit1
D:8:      layout_rooms, bloody_makhleb, serial_bayou_lake_a
D:9:      layout_basic, guppyfry_early_elven_hall
D:10:     layout_grid_maze, orc_0_dummy, uniq_urug, uniq_lodul
Temple:   hellmonk_temple_of_storms

Notes
Turn   | Place    | Note
-------+----------+-------------------------------------------
     0 | D:1      | Jeffwins the Human Wanderer began the quest for the Orb.
     0 | D:1      | Jeffwins set off with the following items: a +0 dagger, a
                  | +0 buckler, a scroll of teleportation {@r4}, a +0 robe, a
                  | wand of quicksilver (4); and the following spell memorised:
                  | Sting; and the following spells available to memorise:
                  | Ignite Poison.
     0 | D:1      | Reached XP level 1. HP: 13/13 MP: 4/4
    86 | D:1      | Found Semmeqerph's Weapon Boutique.
   401 | D:1      | Reached XP level 2. HP: 18/19 MP: 6/6
  1035 | D:2      | Reached XP level 3. HP: 22/24 MP: 2/7
  1086 | D:2      | Learned a level 3 spell: Ignite Poison
  1095 | D:2      | Learned a level 3 spell: Mephitic Cloud
  1262 | D:2      | Reached skill level 1 in Short Blades
  1814 | D:3      | Noticed Terence
  1821 | D:3      | Killed Terence
  1822 | D:3      | Reached skill level 1 in Transmutations
  1822 | D:3      | Reached XP level 4. HP: 25/30 MP: 2/8
  2149 | D:3      | Reached XP level 5. HP: 22/35 MP: 9/9
  2287 | D:3      | Found a white marble altar of Elyvilon.
  2287 | D:3      | Found a glowing golden altar of the Shining One.
  2287 | D:3      | Found a glowing silver altar of Zin.
  2433 | D:3      | Found a sparkling altar of Nemelex Xobeh.
  2452 | D:4      | Reached skill level 1 in Conjurations
  2486 | D:4      | Reached skill level 1 in Fire Magic
  2487 | D:4      | Reached skill level 1 in Polearms
  2487 | D:4      | Reached skill level 1 in Air Magic
  2487 | D:4      | Reached skill level 2 in Poison Magic
  2538 | D:4      | Identified the +7 chain mail of Past Mistakes {Regen+ Int+3
                  | Dex+2}
  2646 | D:4      | Found a sand-covered staircase.
  2706 | D:4      | Reached XP level 6. HP: 41/41 MP: 10/10
  2721 | D:4      | Reached skill level 2 in Shields
  2812 | Ossuary  | Entered an ossuary
  2854 | Ossuary  | Reached skill level 2 in Short Blades
  2927 | Ossuary  | Noticed a wraith
  2927 | Ossuary  | Noticed a flying skull
  2966 | Ossuary  | Noticed a flying skull
  2974 | Ossuary  | Noticed a wraith
  2988 | Ossuary  | Killed a wraith
  2989 | Ossuary  | Reached skill level 2 in Transmutations
  2989 | Ossuary  | Reached skill level 2 in Air Magic
  2989 | Ossuary  | Reached XP level 7. HP: 29/46 MP: 10/12
  3068 | Ossuary  | Noticed a wraith
  3084 | Ossuary  | Killed a wraith
  3085 | Ossuary  | Reached skill level 2 in Polearms
  3085 | Ossuary  | Reached skill level 2 in Conjurations
  3085 | Ossuary  | Reached skill level 2 in Fire Magic
  3243 | D:4      | Reached XP level 8. HP: 51/52 MP: 13/13
  3247 | D:4      | Found a stormy altar of Qazlal.
  3249 | D:4      | Noticed a water elemental
  3250 | D:4      | Noticed an air elemental
  3250 | D:4      | Noticed a fire elemental
  3347 | D:4      | Found Pirghoang's Antique Weapon Shoppe.
  3793 | D:5      | Entered Level 5 of the Dungeon
  3833 | D:5      | Reached skill level 3 in Poison Magic
  3902 | D:5      | Reached skill level 1 in Stealth
  3902 | D:5      | Reached skill level 3 in Transmutations
  4011 | D:5      | Reached skill level 3 in Short Blades
  4102 | D:5      | Found a snail-covered altar of Cheibriados.
  4266 | D:5      | Reached skill level 3 in Air Magic
  4821 | D:6      | Reached skill level 3 in Fire Magic
  4856 | D:6      | Reached skill level 4 in Spellcasting
  4856 | D:6      | Reached XP level 9. HP: 57/57 MP: 15/15
  4878 | D:6      | Reached skill level 3 in Conjurations
  4981 | D:6      | Reached skill level 3 in Shields
  5041 | D:6      | Reached skill level 4 in Transmutations
  5075 | D:6      | Reached skill level 4 in Evocations
  5142 | D:6      | Found a staircase to the Ecumenical Temple.
  5167 | Temple   | Entered the Ecumenical Temple
  5205 | Temple   | Became a worshipper of Gozag Ym Sagoz the Greedy
  5344 | D:6      | Reached skill level 4 in Short Blades
  5361 | D:6      | Reached skill level 2 in Stealth
  5456 | D:6      | Reached skill level 4 in Poison Magic
  5483 | D:7      | Noticed Prince Ribbit
  5508 | D:6      | Killed Prince Ribbit
  5509 | D:6      | Reached skill level 4 in Air Magic
  5540 | D:7      | Reached skill level 1 in Maces & Flails
  5751 | D:7      | Noticed Dowan
  5752 | D:7      | Noticed Duvessa
  5773 | D:7      | Killed Duvessa
  5774 | D:7      | Reached skill level 3 in Armour
  5774 | D:7      | Reached XP level 10. HP: 53/55 MP: 16/16
  5781 | D:7      | Killed Dowan
  5782 | D:7      | Reached skill level 4 in Fire Magic
  5900 | D:7      | Reached skill level 4 in Conjurations
  6203 | D:7      | Noticed Maggie
  6224 | D:7      | Killed Maggie
  6225 | D:7      | Reached skill level 2 in Maces & Flails
  6247 | D:7      | Reached skill level 5 in Spellcasting
  6491 | D:8      | Found a burning altar of Makhleb.
  6677 | D:8      | Reached skill level 3 in Stealth
  6903 | D:8      | Reached skill level 5 in Transmutations
  7179 | D:9      | Paralysed by a hornet for 3 turns
  7188 | D:9      | Paralysed by a hornet for 2 turns
  7197 | D:8      | Reached skill level 5 in Poison Magic
  7260 | D:9      | Paralysed by a hornet for 1 turns
  7283 | D:9      | Reached skill level 5 in Air Magic
  7431 | D:1      | Bought the +9 mace of Punishment {vamp, rElec rCorr Int+2
                  | Dex-3} for 858 gold pieces
  7627 | D:8      | Reached skill level 3 in Maces & Flails
  7633 | D:8      | Reached XP level 11. HP: 51/68 MP: 19/19
  7788 | D:9      | Reached skill level 5 in Fire Magic
  7807 | D:9      | Noticed a deep elf zephyrmancer
  7808 | D:9      | a deep elf zephyrmancer changed into a dream sheep
  8006 | D:9      | Reached skill level 5 in Conjurations
  8303 | D:9      | Reached skill level 4 in Shields
  8786 | D:10     | Entered Level 10 of the Dungeon
  8818 | D:10     | Noticed Urug
  8840 | D:10     | Killed Urug
  8903 | D:10     | HP: 5/68 [gnoll sergeant/+0 spear (9)]
  8903 | D:10     | Mangled by a gnoll

Vanquished Creatures
  Urug (D:10)
  Maggie (D:7)
  Prince Ribbit (D:6)
  A hornet (D:9)
  A dream sheep (D:9)
  A vampire (D:8)
  3 wyverns
  4 yaks (D:8)
  2 wraiths (Ossuary)
  A steam dragon (D:9)
  A water moccasin (D:6)
  Duvessa (D:7)
  2 sky beasts
  4 ice beasts
  3 orc warriors
  3 black bears
  3 centaurs
  3 ogres
  A phantom (D:5)
  2 kobold brigands (D:7)
  4 bullfrogs
  A gnoll sergeant (D:9)
  5 wights
  Dowan (D:7)
  9 killer bees
  3 howler monkeys
  5 electric eels (D:8)
  A centaur zombie (Ossuary)
  4 hounds
  An orc priest (D:6)
  2 gnoll boudas
  Terence (D:3)
  2 iguanas
  5 orc wizards
  11 gnolls
  5 adders
  A shadow imp (D:6)
  2 ufetubi (D:6)
  3 adder zombies (Ossuary)
  2 dart slugs
  33 orcs
  3 bats
  5 endoplasms
  4 giant cockroaches
  6 goblins
  5 hobgoblins
  4 jackals (D:1)
  15 kobolds
  3 quokkas
  9 ball pythons
  4 frilled lizards
  2 hobgoblin skeletons (Ossuary)
  A kobold zombie (Ossuary)
  An orc skeleton (Ossuary)
  An orc zombie (Ossuary)
  2 rats (D:1)
205 creatures vanquished.

Vanquished Creatures (others)
  6 plants (D:8)
6 creatures vanquished.

Grand Total: 211 creatures vanquished

Table legend: (Time is in decaauts)
 A = Elapsed time spent in this place.
 B = Non-inter-level travel time spent in this place.
 C = Inter-level travel time spent in this place.
 D = Time resting spent in this place.
 E = Time spent auto-exploring this place.
 F = Levels seen in this place.
 G = Mean time per level.
                   A        B        C        D        E       F      G
               +--------+--------+--------+--------+--------+-----+--------+
         Total |   8932 |   8409 |    523 |    162 |   6138 |  12 |  744.3 |
       Dungeon |   8513 |   8000 |    513 |    162 |   5926 |  10 |  851.3 |
        Temple |     49 |     39 |     10 |      0 |     22 |   1 |   49.0 |
       Ossuary |    368 |    368 |      0 |      0 |    190 |   1 |  368.0 |
               +--------+--------+--------+--------+--------+-----+--------+

Top non-repeatable levels by time:
     D:9: 1242 daAuts
     D:2: 1088 daAuts
     D:4: 1031 daAuts
     D:7: 971 daAuts
     D:6: 880 daAuts
     D:8: 877 daAuts
     D:5: 854 daAuts
     D:1: 775 daAuts
     D:3: 672 daAuts
 Ossuary: 368 daAuts
    D:10: 120 daAuts
  Temple: 49 daAuts

Table legend:
 A = Non-vault XP
 B = Vault XP
 C = Vault XP percentage of total XP
 D = Non-vault monster count
 E = Vault monster count
 F = Vault count percentage of total count
                 A         B        C        D         E       F
            +---------+---------+-------+---------+---------+-------
      Total |    7359 |    2689 |  26.8 |     176 |      29 |  14.1
            +---------+---------+-------+---------+---------+-------
        D:1 |      21 |       0 |   0.0 |      12 |       0 |   0.0
        D:2 |      20 |       0 |   0.0 |      11 |       0 |   0.0
        D:3 |      63 |      41 |  39.4 |      16 |       4 |  20.0
        D:4 |     255 |       0 |   0.0 |      28 |       0 |   0.0
        D:5 |     686 |       4 |   0.6 |      15 |       1 |   6.2
        D:6 |    1340 |     379 |  22.0 |      21 |       6 |  22.2
        D:7 |    1147 |     590 |  34.0 |      23 |       3 |  11.5
        D:8 |    2258 |       0 |   0.0 |      26 |       0 |   0.0
        D:9 |    1540 |     249 |  13.9 |      22 |       1 |   4.3
       D:10 |      29 |     796 |  96.5 |       2 |       1 |  33.3
    Ossuary |       0 |     630 | 100.0 |       0 |      13 | 100.0
            +---------+---------+-------+---------+---------+-------
